 Dungeon Crawl Stone Soup version 0.29.1-debian-4-g95531337e3 (webtiles) character file.

Game seed: 13071874401351587208

184 Dreamer the Sneak (level 5, -9/37 HPs)
             Began as an Octopode Fighter on Sept 13, 2022.
             Mangled by an ice beast (11 damage)
             ... on level 5 of the Dungeon.
             The game lasted 00:07:31 (3641 turns).

Dreamer the Sneak (Octopode Fighter)                Turns: 3641, Time: 00:07:32

Health: -9/37      AC:  1    Str: 15    XL:     5   Next: 64%
Magic:  5/5        EV: 13    Int: 13    God:
Gold:   272        SH:  4    Dex: 11    Spells: 4/4 levels left

rFire   . . .      SeeInvis .     - Unarmed
rCold   . . .      Faith    .   a - +0 buckler
rNeg    . . .      Spirit   .   (helmet restricted)
rPois   .          Reflect  .   j - amulet of regeneration
rElec   .          Harm     .   (no ring)
rCorr   .          Rampage  .   (no ring)
Will    .....                   (no ring)
Stlth   +++.......              (no ring)
HPRegen 0.92/turn               (no ring)
MPRegen 0.09/turn               (no ring)
                                (no ring)
                                (no ring)

@: no status effects
A: almost no armour, amphibious, 8 rings, camouflage 1, gelatinous body 1,
(nimble swimmer 1), tentacles
a: no special abilities


You were on level 5 of the Dungeon.
You visited 1 branch of the dungeon, and saw 5 of its levels.

You collected 272 gold pieces.

Inventory:

Armour
 a - a +0 buckler (worn)
Jewellery
 j - an amulet of regeneration (around mantle)
Wands
 g - a wand of flame (18)
 o - a wand of roots (5)
Scrolls
 c - a scroll of enchant weapon {unknown}
 d - a scroll of identify {unknown}
 f - a scroll of enchant armour {unknown}
 i - 2 scrolls of blinking {unknown}
 k - a scroll of silence {unknown}
 m - a scroll of brand weapon {unknown}
 n - 2 scrolls of teleportation {unknown}
 p - a scroll of amnesia {unknown}
Potions
 b - a potion of might
 e - 2 potions of heal wounds {unknown}
 h - 2 potions of flight {unknown}
 l - a potion of haste {unknown}


   Skills:
 + Level 3.7 Fighting
 + Level 3.6 Dodging
 * Level 4.2 Stealth
 + Level 3.6 Shields
 + Level 2.9 Unarmed Combat


You had 4 spell levels left.
You didn't know any spells.
Your spell library contained the following spells:

 Spells                   Type           Power      Damage    Failure   Level
 Dazzling Flash           Conj/Hex       0%         N/A       77%         3
 Ozocubu's Armour         Ice            0%         N/A       77%         3
 Animate Dead             Necr           0%         N/A       99%         4
 Agony                    Necr           0%         N/A       100%        5
 Silence                  Hex/Air        0%         N/A       100%        5
 Haunt                    Necr/Summ      0%         N/A       100%        7
 Ozocubu's Refrigeration  Ice            0%         4d7       100%        7
 Infestation              Necr           0%         N/A       100%        8


Dungeon Overview and Level Annotations

Branches:
Dungeon (5/15)
 Temple: D:4-7

Altars:

Annotations:
D:4 exclusions: ogre and scorpion


Innate Abilities, Weirdness & Mutations

You cannot wear most types of armour.
You are amphibious.
You can wear up to eight rings at the same time.
Your skin changes colour to match your surroundings (Stealth+).
Your rubbery body absorbs attacks. (AC +1, EV +1)
((You are camouflaged when in or above water. (Stealth+)))
You have tentacles for arms and can constrict up to eight enemies at once.


Message History

You kill the hound!
You see here a jackal corpse.
You see here a jackal corpse.
An adder comes into view.
There is a stone staircase leading up here.
There is a shaft here.
An ice beast comes into view.
There is a shaft here.
There is a stone staircase leading up here.
There is a shaft here.
There is a stone staircase leading up here.
There is a stone staircase leading up here.
You barely miss the ice beast. You block the ice beast's attack.
You closely miss the ice beast. The ice beast closely misses you.
You tentacle-slap the ice beast.
The ice beast is lightly wounded.
The ice beast hits you. The ice beast freezes you!
You completely miss the ice beast. Your squeeze misses the ice beast.
The ice beast is lightly wounded.
The ice beast hits you. The ice beast freezes you.
The ice beast attacks as you move away! You block the ice beast's attack.
There is a stone staircase leading up here.
The ice beast attacks as you move away!
The ice beast hits you but does no damage.
The ice beast attacks as you move away! The ice beast hits you.
The ice beast freezes you.
* * * LOW HITPOINT WARNING * * *
The ice beast attacks as you move away! The ice beast closely misses you.
The ice beast attacks as you move away! You block the ice beast's attack.
The ice beast attacks as you move away! The ice beast barely misses you.
The ice beast attacks as you move away! The ice beast closely misses you.
The ice beast attacks as you move away! You block the ice beast's attack.
The ice beast attacks as you move away! The ice beast hits you.
The ice beast freezes you!
* * * LOW HITPOINT WARNING * * *
The ice beast attacks as you move away! The ice beast barely misses you.
The ice beast attacks as you move away! The ice beast hits you.
* * * LOW HITPOINT WARNING * * *
The ice beast freezes you!
You die...

#.#.....# ###.####.# # #.#.##..#
#......#.# # #.......# #.#.##.#.#
# ###.###.# #.#.##.#.# ##
#...#.#########.#......## #.
#†..#.....<.^...........# #.
###...##########.#####.##.#### #.
.........#######.# #.......# #†
.........##.....@# #.##.##.###.
.........##.....Y#####.##.#......
.##....####............##......g.
.##....# #.....#####..####......
.##....# #.....##.....#####.#...
.##.##.# #####.##.##........#.#.
.##.##.# #.......########.#.
.......# ####.#### #... ###.####
#######.# #...


You could see an ice beast.

Vanquished Creatures
  A hound (D:5)
  An iguana (D:5)
  A gnoll (D:5)
  3 adders
  6 dart slugs
  5 orcs
  2 ball pythons (D:1)
  4 endoplasms
  2 giant cockroaches (D:1)
  9 goblins
  7 hobgoblins
  5 jackals
  4 quokkas
  3 bats
  2 frilled lizards
  8 kobolds
  8 rats
71 creatures vanquished.

Notes
Turn   | Place    | Note
-------+----------+-------------------------------------------
     0 | D:1      | Dreamer the Octopode Fighter began the quest for the Orb.
     0 | D:1      | Reached XP level 1. HP: 16/16 MP: 1/1
   168 | D:1      | Reached skill level 1 in Stealth
   219 | D:1      | Reached XP level 2. HP: 15/21 MP: 2/2
   492 | D:1      | Reached XP level 3. HP: 11/26 MP: 3/3
   741 | D:1      | Reached skill level 2 in Stealth
  1039 | D:1      | Found a faded altar of an unknown god.
  1384 | D:2      | Identified the +8 morningstar "Witzaqu" {distort, Str+8}
  1812 | D:2      | Reached XP level 4. HP: 31/31 MP: 4/4
  2053 | D:3      | Reached skill level 3 in Stealth
  2788 | D:4      | Noticed an ogre
  2846 | D:4      | Noticed a scorpion
  3330 | D:5      | Entered Level 5 of the Dungeon
  3408 | D:5      | Reached XP level 5. HP: 36/36 MP: 5/5
  3450 | D:5      | Reached skill level 4 in Stealth
  3565 | D:5      | Noticed an ice beast
  3641 | D:5      | Mangled by an ice beast

Illustrated notes

Levels and vault maps discovered:
D:1:      dpeg_arrival_more_subterranean_lakeside_camping, layout_basic,
          hellmonk_ecumenical_altar_crossroads
D:2:      layout_rooms
D:3:      layout_basic
D:4:      layout_basic, roderic_lattice_a
D:5:      layout_loops_cross, uniq_grinder

Skill      XL: |  1  2  3  4  5 |
---------------+----------------+-----
Stealth        | 1 2 3 4 |  4.2
Fighting       | |  3.7
Dodging        | |  3.6
Shields        | |  3.6
Unarmed Combat | |  2.9

Action                   |  1- 3 |  4- 6 || total
-------------------------+-------+-------++-------
Melee: Unarmed           |    90 |    69 ||   159
       Constrict         |    21 |    21 ||    42
       Tentacles         |    16 |    14 ||    30
       Punch             |     2 |     3 ||     5
 Stab: Sleeping          |    12 |     8 ||    20
Armor: Skin              |     9 |     4 ||    13
Dodge: Dodged            |    35 |    29 ||    64
Block: Buckler           |    12 |    15 ||    27
